 Dungeon Crawl Stone Soup version 0.32-a0-872-g59262bdc9b (webtiles) character file.

Game seed: 8988000688992419672

18 Adrian566 the Ruffian (level 2, -2/21 HPs)
             Began as a Demonspawn Shapeshifter on Mar 30, 2024.
             Slain by a ribbon worm (5 damage)
             ... on level 2 of the Dungeon.
             The game lasted 00:00:54 (642 turns).

Adrian566 the Ruffian (Demonspawn Shapeshifter)      Turns: 642, Time: 00:00:55

Health: -2/21      AC:  2    Str: 14    XL:     2   Next: 48%
Magic:  2/2        EV: 11    Int: 10    God:
Gold:   30         SH:  0    Dex: 12    Spells: 1/1 levels left

rFire   . .          .
                       - Unarmed
rCold   . . .        (no shield)
rNeg    . . .        a - +0 animal skin
rPois   .            (helmet currently unavailable)
rElec   .            (cloak currently unavailable)
rCorr   .            (gloves currently unavailable)
SInv    .            (boots currently unavailable)
Will    .....        (no amulet)
Stlth   +            (no ring)
HPRegen 0.23/turn    (no ring)
MPRegen 0.08/turn

%: no passive effects
@: beast-form
A: beast (slay +1), demonic magic 1
a: Begin Untransformation


You were on level 2 of the Dungeon.
You were a hulking beast.
You visited 1 branch of the dungeon, and saw 2 of its levels.

You collected 30 gold pieces.

Inventory:

Missiles
 f - 2 throwing nets (quivered)
Armour
 a - a +0 animal skin (worn)
Jewellery
 h - an amulet of faith
Talismans
 c - a beast talisman (active)
 d - a flux talisman
Scrolls
 e - a scroll of poison {unknown}
 g - a scroll of teleportation {unknown}
 i - a scroll of fear {unknown}
Potions
 b - a potion of lignification
 j - a potion of enlightenment {unknown}
 k - 2 potions of heal wounds {unknown}


   Skills:
 + Level 1.1 Fighting
 + Level 1.7 Dodging
 + Level 3.1 Unarmed Combat
 * Level 3.0 Shapeshifting


You had one spell level left.
You didn't know any spells.
Your spell library contained the following spells:

 Spells                   Type           Power      Damage    Failure   Level
 Foxfire                  Conj/Fire      0%         2x1d4     36%         1
 Shock                    Conj/Air       0%         1d3       36%         1
 Swiftness                Air            0%         N/A       75%         3
 Airstrike                Air            0%         2d(0-16)  98%         4
 Plasma Beam              Fire/Air       0%         2x1d10    100%        6
 Starburst                Conj/Fire      0%         6d3       100%        6


Dungeon Overview and Level Annotations

Branches:
Dungeon (2/15)

Altars:

Shops:
D:1 ?


Innate Abilities, Weirdness & Mutations

You are a hulking beast.
Your limbs bulge with bestial killing power. (Slay +1)
Spells you cast may paralyse adjacent enemies.


Message History

The ribbon worm is moderately wounded.
The ribbon worm bites you.
* * * LOW HITPOINT WARNING * * *
You hit the ribbon worm.
The ribbon worm is heavily wounded.
The ribbon worm barely misses you.
You hit the ribbon worm but do no damage.
The ribbon worm is heavily wounded.
You hit the ribbon worm.
The ribbon worm is severely wounded.
The ribbon worm bites you.
* * * LOW HITPOINT WARNING * * *
You hit the ribbon worm but do no damage.
The ribbon worm is severely wounded.
The ribbon worm bites you but does no damage.
You barely miss the ribbon worm.
The ribbon worm is severely wounded.
The ribbon worm closely misses you.
You barely miss the ribbon worm.
The ribbon worm is heavily wounded.
You barely miss the ribbon worm.
The ribbon worm is heavily wounded.
The ribbon worm expels a string of sticky webbing.
The stream of webbing misses you.
You hit the ribbon worm.
The ribbon worm is severely wounded.
The ribbon worm misses you.
You hit the ribbon worm.
The ribbon worm is severely wounded.
The ribbon worm misses you.
You hit the ribbon worm.
The ribbon worm is severely wounded.
You completely miss the ribbon worm.
The ribbon worm is severely wounded.
The ribbon worm expels a string of sticky webbing.
The stream of webbing misses you.
You hit the ribbon worm.
The ribbon worm is almost dead.
The ribbon worm bites you.
You die...

#########
#......w#
####h######
#....<....#
.....##.####.#
#.## #.# #.#
..# ###


You could see a ribbon worm (catching breath).

Vanquished Creatures
  A ball python (D:1)
  2 bats (D:1)
  An endoplasm (D:1)
  A giant cockroach (D:1)
  2 hobgoblins (D:1)
  A quokka (D:1)
  4 frilled lizards (D:1)
  2 kobolds (D:1)
  4 rats (D:1)
18 creatures vanquished.

Notes
Turn   | Place    | Note
-------+----------+-------------------------------------------
     0 | D:1      | Adrian566 the Demonspawn Shapeshifter began the quest for
                  | the Orb.
     0 | D:1      | Reached XP level 1. HP: 15/15 MP: 1/1
   191 | D:1      | Gained mutation: Spells you cast may paralyse adjacent
                  | enemies. [demonic ancestry]
   191 | D:1      | Reached XP level 2. HP: 16/21 MP: 2/2
   486 | D:1      | Found Zetetz's Magic Scroll Shoppe.
   633 | D:2      | HP: 1/21 [ribbon worm (3)]
   642 | D:2      | Slain by a ribbon worm

Illustrated notes

Levels and vault maps discovered:
D:1:      scummos_arrival_forest, layout_rooms, serial_shops,
          nicolae_shop_hallway_plus
D:2:      layout_loops_cross, corexii_item_surrounded_by_moat

Skill      XL: |  1  2 |
---------------+-------+-----
Unarmed Combat | 3 |  3.1
Shapeshifting  | 3 |  3.0
Fighting       | |  1.1
Dodging        | |  1.7

Action                     || total
---------------------------++-------
  Melee: Unarmed           ||    87
   Stab: Sleeping          ||     2
 Armour: Animal skin       ||    49
  Dodge: Dodged            ||    63

Table legend: (Time is in decaauts)
 A = Elapsed time spent in this place.
 B = Non-inter-level travel time spent in this place.
 C = Inter-level travel time spent in this place.
 D = Time resting spent in this place.
 E = Time spent auto-exploring this place.
 F = Levels seen in this place.
 G = Mean time per level.
                   A        B        C        D        E       F      G
               +--------+--------+--------+--------+--------+-----+--------+
         Total |    637 |    610 |     27 |     50 |    394 |   2 |  318.5 |
       Dungeon |    637 |    610 |     27 |     50 |    394 |   2 |  318.5 |
               +--------+--------+--------+--------+--------+-----+--------+

Top non-repeatable levels by time:
     D:1: 610 daAuts
     D:2: 26 daAuts
